 Dungeon Crawl Stone Soup version 0.30-b1-2-g02819fbbbe (webtiles) character file.

Game seed: 6289077444827813386

1470 Alarkh the Fighter (level 8, -2/74 HPs)
             Began as a Demonspawn Artificer on Dec 4, 2023.
             Slain by an orc warrior
             ... wielding a +0 battleaxe
              (19 damage)
             ... on level 6 of the Dungeon.
             The game lasted 00:07:48 (5550 turns).

Alarkh the Fighter (Demonspawn Artificer)           Turns: 5550, Time: 00:07:50

Health: -2/74      AC:  8    Str: 13    XL:     8   Next: 49%
Magic:  8/8        EV: 11    Int: 15    God:
Gold:   295        SH:  0    Dex: 13    Spells: 7/7 levels left

rFire   . . .        a - +0 whip (elec)
rCold   . . .        (no shield)
rNeg    . . .        b - +0 leather armour
rPois   .            t - +0 helmet
rElec   .            (no cloak)
rCorr   .            B - +2 pair of gloves
SInv    .            (no boots)
Will    .....        F - amulet of regeneration
Stlth   +            A - ring of flight
HPRegen 1.12/turn    (no ring)
MPRegen 0.11/turn

%: no passive effects
@: flying
A: spiny 2, sharp scales 1
a: no special abilities


You were on level 6 of the Dungeon.
You visited 1 branch of the dungeon, and saw 6 of its levels.
You also visited: Sewer.

You collected 295 gold pieces.

Inventory:

Hand Weapons
 a - a +0 whip of electrocution (weapon)
 e - a +0 short sword
Armour
 b - a +0 leather armour (worn)
 t - a +0 helmet (worn)
 B - a +2 pair of gloves (worn)
Magical Staves
 D - a staff of fire
Jewellery
 o - an amulet of the acrobat
 A - a ring of flight (left hand)
 C - a ring of poison resistance
 F - an amulet of regeneration (around neck)
 H - a +4 ring of slaying
Wands
 c - a wand of flame (2) (quivered)
 d - a wand of charming (15)
 l - a wand of polymorph (6)
 y - a wand of quicksilver (12)
 I - a wand of mindburst (13)
Scrolls
 f - a scroll of fog
 n - 3 scrolls of poison
 v - 7 scrolls of identify {unknown}
 w - a scroll of blinking {unknown}
 z - 2 scrolls of teleportation {unknown}
 E - a scroll of amnesia {unknown}
 G - a scroll of fear
Potions
 g - a potion of flight {unknown}
 h - 2 potions of degeneration {unknown}
 i - 2 potions of heal wounds
 j - 2 potions of attraction {unknown}
 k - 2 potions of mutation {unknown}
 m - 2 potions of brilliance {unknown}
 p - 2 potions of cancellation {unknown}
 q - a potion of lignification {unknown}
 r - a potion of ambrosia {unknown}
 s - a potion of might {unknown}
 u - 2 potions of haste {unknown}
 x - a potion of magic {unknown}


   Skills:
 + Level 10.6 Fighting
 - Level 1.7 Armour
 - Level 0.8 Dodging
 - Level 0.8 Stealth
 - Level 3.0 Evocations


You had 7 spell levels left.
You didn't know any spells.
Your spell library contained the following spells:

 Spells                   Type           Power      Damage    Failure   Level
 Beastly Appendage        Tmut           0%         N/A       34%         1
 Lesser Beckoning         Tloc           0%         N/A       45%         2
 Wereblood                Tmut           0%         N/A       45%         2
 Gell's Gravitas          Tloc           0%         N/A       71%         3
 Inner Flame              Hex/Fire       0%         N/A       71%         3
 Spider Form              Tmut/Pois      0%         N/A       71%         3
 Teleport Other           Tloc           0%         N/A       71%         3
 Yara's Violent Unravell  Hex/Tmut       0%         3d3       100%        5
 Enfeeble                 Hex            0%         N/A       100%        7


Dungeon Overview and Level Annotations

Branches:
Dungeon (6/15)              Sewer (visited)
 Temple: D:4-7

Altars:
Ashenzari
Fedhas
Gozag
Kikubaaqudgha
Makhleb
Trog
Wu Jian
Yredelemnul

Shops:
D:3 [


Innate Abilities, Weirdness & Mutations

You are mostly covered in sharp spines.
You are partially covered in razor-sharp scales. (AC +1, Slay +1)


Message History

You completely miss the orc warrior.
The orc warrior hits you with a +0 battleaxe!
You whack the orc warrior!
The orc warrior is moderately wounded.
The orc warrior hits you with a +0 battleaxe!
You hit the orc warrior.
The orc warrior is heavily wounded.
The orc wizard hits you with a +1 dagger of holy wrath.
You convulse.
The orc warrior barely misses you.
You hit the orc warrior but do no damage.
The orc warrior is heavily wounded.
The orc wizard hits you but does no damage.
The orc warrior is struck by your spines.
The orc warrior hits you with a +0 battleaxe!
You closely miss the orc warrior.
The orc warrior is heavily wounded.
The orc wizard is struck by your spines.
The orc wizard hits you with a +1 dagger of holy wrath.
You convulse.
The orc warrior hits you with a +0 battleaxe.
The orc wizard is struck by your spines.
The orc wizard closely misses you. The orc warrior closely misses you.
The orc warrior attacks as you move away!
The orc warrior hits you with a +0 battleaxe!!
* * * LOW HITPOINT WARNING * * *
You closely miss the orc warrior.
The orc warrior is heavily wounded.
The orc wizard mumbles some strange words.
The orc wizard flickers and vanishes!
Deactivating autopickup; reactivate with Ctrl-A.
The orc warrior is struck by your spines.
The orc warrior hits you with a +0 battleaxe.
* * * LOW HITPOINT WARNING * * *
Aiming: Throw Flame
Press: ? - help, Shift-Dir - straight line, f - orc warrior
Aim: an orc warrior, wielding a +0 battleaxe and wearing a +0 plate armour (heavily wounded, 71% to hit)
The puff of flame hits the orc warrior.
The orc warrior is severely wounded.
The orc warrior hits you with a +0 battleaxe!!
You die...

#.# #.# # #.# .#
#.# ###.# #.# #.#
#{o.# #.# #.# #o#
#.#
####.######@######
#.#
#.................#
#.#
#.####.###.######.#
#.# #.####.# #.#
#.####.#....# #.#
#.##...#.#### #.#
#......#.# #.#
####...#.# #.#
##..#.# #.#


You could see an orc warrior and an orc.

Vanquished Creatures
  Sigmund (D:2)
  A water moccasin (D:6)
  A black bear (D:6)
  A centaur (D:6)
  A scorpion (D:4)
  A kobold brigand (Sewer)
  6 hounds
  2 jellies (D:5)
  3 orc priests (D:5)
  A sleepcap (D:5)
  Jessica (D:3)
  Natasha (D:2)
  An iguana (D:4)
  3 orc wizards (D:5)
  Robin (D:3)
  4 gnolls (D:4)
  11 adders
  9 river rats (Sewer)
  An ufetubus (D:4)
  2 dart slugs
  8 orcs
  15 ball pythons
  5 bats
  3 endoplasms
  2 giant cockroaches
  13 goblins
  9 hobgoblins
  13 jackals
  2 quokkas
  4 frilled lizards
  27 kobolds
  20 rats
173 creatures vanquished.

Vanquished Creatures (others)
  An orc (D:5)
1 creature vanquished.

Grand Total: 174 creatures vanquished

Notes
Turn   | Place    | Note
-------+----------+-------------------------------------------
     0 | D:1      | Alarkh the Demonspawn Artificer began the quest for the
                  | Orb.
     0 | D:1      | Reached XP level 1. HP: 15/15 MP: 1/1
   282 | D:1      | Reached skill level 2 in Fighting
   307 | D:1      | Gained mutation: You are partially covered in razor-sharp
                  | scales. (AC +1, Slay +1) [demonic ancestry]
   307 | D:1      | Reached XP level 2. HP: 13/22 MP: 2/2
   413 | D:1      | You fall into a shaft and drop 1 floor!
   636 | D:1      | Reached skill level 3 in Fighting
   640 | D:1      | Found a faded altar of an unknown god.
   677 | D:1      | Gained mutation: You are partially covered in sharp spines.
                  | [demonic ancestry]
   677 | D:1      | Reached XP level 3. HP: 29/29 MP: 3/3
  1474 | D:2      | Noticed Sigmund
  1482 | D:2      | Killed Sigmund
  1483 | D:2      | Reached skill level 5 in Fighting
  1483 | D:2      | Reached XP level 4. HP: 10/40 MP: 4/4
  1483 | D:2      | Reached XP level 5. HP: 12/46 MP: 5/5
  1693 | D:2      | Noticed Natasha
  1698 | D:2      | Killed Natasha
  1762 | D:3      | Found a basalt altar of Yredelemnul.
  1806 | D:3      | Noticed Jessica
  1811 | D:3      | Killed Jessica
  1812 | D:3      | Reached skill level 6 in Fighting
  1812 | D:3      | Reached XP level 6. HP: 46/52 MP: 6/6
  1818 | D:3      | Noticed Robin
  1834 | D:3      | Killed Robin
  2121 | D:3      | Found a glowing drain.
  2126 | Sewer    | Entered a sewer
  2615 | Sewer    | Reached skill level 7 in Fighting
  2721 | Sewer    | Reached XP level 7. HP: 19/60 MP: 7/7
  3489 | D:3      | Found Degoas's Armour Boutique.
  4066 | D:4      | Reached skill level 8 in Fighting
  4470 | D:4      | Found an ornate altar of the Wu Jian Council.
  4836 | D:5      | Entered Level 5 of the Dungeon
  4880 | D:5      | Reached skill level 9 in Fighting
  5018 | D:5      | Gained mutation: You are mostly covered in sharp spines.
                  | [demonic ancestry]
  5018 | D:5      | Reached XP level 8. HP: 68/71 MP: 8/8
  5180 | D:5      | Found a burning altar of Makhleb.
  5187 | D:5      | Found a bloodstained altar of Trog.
  5188 | D:5      | Found an opulent altar of Gozag.
  5291 | D:5      | Found a blossoming altar of Fedhas.
  5291 | D:5      | Found a broken altar of Ashenzari.
  5291 | D:5      | Found an ancient bone altar of Kikubaaqudgha.
  5386 | D:6      | Reached skill level 10 in Fighting
  5550 | D:6      | Slain by an orc warrior

Illustrated notes

Levels and vault maps discovered:
D:1:      minmay_arrival_jagged, layout_loops_corners,
          hellmonk_ecumenical_altar_heavens_door, minmay_close_crescents
D:2:      layout_rooms, minmay_misc_feat_rows, uniq_natasha, uniq_sigmund
D:3:      layout_basic, lemuel_round_altar, serial_shops,
          nicolae_shop_temple_entry_statues_fountains, portal_sewer_entry_e,
          minmay_unequal, uniq_grinder, uniq_robin, uniq_jessica
D:4:      layout_loops_ring, mainiacjoe_overflow_alcove_1
D:5:      layout_basic, gammafunk_temple_overflow_claw, minitemple
D:6:      layout_loops_ring, minmay_temple_entry_junction_2, roderic_batcave,
          chequers_avenue, reono_crystal_passage

Skill      XL: |  1  2  3  4  5  6  7  8 |
---------------+-------------------------+-----
Fighting       | 2 3 5 6 7 9 10 | 10.6
Armour         | |  1.7
Dodging        | |  0.8
Stealth        | |  0.8
Evocations     | |  3.0

Action                     |  1- 3 |  4- 6 |  7- 9 || total
---------------------------+-------+-------+-------++-------
  Melee: Club              |    48 |       |       ||    48
         Short sword       |    52 |   121 |   158 ||   331
         Dagger            |    11 |       |       ||    11
         Punch             |     1 |     2 |     2 ||     5
         Whip              |       |       |    26 ||    26
  Evoke: Wand              |    10 |     6 |    10 ||    26
    Use: Scroll            |       |     4 |     1 ||     5
         Potion            |       |       |     1 ||     1
   Stab: Sleeping          |       |     2 |     2 ||     4
 Armour: Leather armour    |    32 |    35 |    79 ||   146
  Dodge: Dodged            |    74 |    76 |   135 ||   285
